| TOP OF THE 1ST |
|
Greensboro Grasshoppers batting - Pitching for Great Lakes Loons : RHP Oscar Andrade
|
|
Pitching: RHP Oscar Andrade
|
|
|
Batting: RHB Tom Thompson
|
0-0: Called Strike 0-1: Ball 1-1: Ball 2-1: DOUBLE (Groundball, 5L, EV 100.6 MPH)
|
|
Batting: LHB Angelo Estrella
|
0-0: Called Strike 0-1: Called Strike 0-2: Ball 1-2: Hit by Pitch
|
|
Batting: LHB Dong-u Chang
|
0-0: Called Strike 0-1: Ball 1-1: Foul Ball, location: 2F 1-2: Ball 2-2: Strikes out looking
|
|
Batting: RHB Miguel Velasco
|
0-0: SINGLE (Groundball, 6MD, EV 95.6 MPH) Tom Thompson to third Angelo Estrella to second Runner from 3rd tries for Home, SAFE, throw by CF to home
|
|
Batting: RHB Nate Crofts
|
0-0: Called Strike 0-1: Ball 1-1: Ball 2-1: Ball 3-1: Called Strike 3-2: Strikes out swinging
|
|
Batting: RHB Alberto Bravo
|
0-0: Called Strike 0-1: Ball 1-1: Called Strike 1-2: Ball 2-2: Ground out 4-3 (Groundball, 4S, EV 83.8 MPH)
|
| Top of the 1st over - 1 run, 2 hits, 0 errors, 2 left on base; Greensboro 1 - Great Lakes 0 |
| BOTTOM OF THE 1ST |
|
Great Lakes Loons batting - Pitching for Greensboro Grasshoppers : RHP Kevin Weil
|
|
Pitching: RHP Kevin Weil
|
|
|
Batting: RHB Pablo Lopez
|
0-0: Ball 1-0: Called Strike 1-1: Ball 2-1: Ball 3-1: Base on Balls
|
|
Batting: SHB Josh Vaill
|
0-0: Called Strike 0-1: Ball 1-1: Fly out, F8 (Flyball, 8LD, EV 101.9 MPH)
|
|
Batting: LHB Jim Jardine
|
0-0: Ball 1-0: Ball 2-0: Ball 3-0: Base on Balls Pablo Lopez to second
|
|
Batting: RHB Eddie Perry
|
0-0: Ball 1-0: Called Strike 1-1: Foul Ball, location: 2F 1-2: Ball 2-2: Ball 3-2: Foul Ball, location: 2F 3-2: Grounds into double play, 4-6-3 (Groundball, 4M, EV 111.9 MPH)
|
| Bottom of the 1st over - 0 runs, 0 hits, 0 errors, 1 left on base; Greensboro 1 - Great Lakes 0 |
| TOP OF THE 2ND |
|
Greensboro Grasshoppers batting - Pitching for Great Lakes Loons : RHP Oscar Andrade
|
|
Batting: LHB Ryan Thompson
|
0-0: Swinging Strike 0-1: Ball 1-1: Ground out 5-3 (Groundball, 56, EV 106.2 MPH)
|
|
Batting: RHB J.D. Vander Klok
|
0-0: Ball 1-0: Ball 2-0: Foul Ball, location: 2F 2-1: Foul Ball, location: 2F 2-2: Foul Ball, location: 2F 2-2: Ball 3-2: Ground out 5-3 (Groundball, 56, EV 103.1 MPH)
|
|
Batting: RHB Hikaru Nakata
|
0-0: Called Strike 0-1: SINGLE (Groundball, 5S, EV 68.8 MPH) (infield hit)
|
|
Batting: RHB Tom Thompson
|
0-0: Called Strike 0-1: Called Strike 0-2: Strikes out swinging
|
| Top of the 2nd over - 0 runs, 1 hit, 0 errors, 1 left on base; Greensboro 1 - Great Lakes 0 |
| BOTTOM OF THE 2ND |
|
Great Lakes Loons batting - Pitching for Greensboro Grasshoppers : RHP Kevin Weil
|
|
Batting: LHB Josh Moore
|
0-0: Called Strike 0-1: Ball 1-1: Ball 2-1: Ball 3-1: Swinging Strike 3-2: Base on Balls
|
|
Batting: SHB Danny Jensen
|
0-0: Called Strike 0-1: Grounds out, U3 (Groundball, 3L, EV 87.5 MPH)
|
|
Batting: RHB Juan Gallardo
|
0-0: Ball 1-0: Ball 2-0: SINGLE (Line Drive, 4D, EV 98.1 MPH) Josh Moore to third
|
|
Batting: RHB Aaron Joseph
|
0-0: Ball 1-0: SINGLE (Line Drive, 34D, EV 98.1 MPH) Josh Moore scores Juan Gallardo to second
|
|
Batting: SHB Hank Arias
|
0-0: Swinging Strike 0-1: Fielders Choice at 2nd, 3-6 (Groundball, 34, EV 89.4 MPH) Juan Gallardo to third
|
|
Batting: RHB Pablo Lopez
|
0-0: Ball 1-0: Ball 2-0: Ball 3-0: Called Strike 3-1: Base on Balls Hank Arias to second
|
|
Batting: SHB Josh Vaill
|
0-0: Ball 1-0: Ball 2-0: Called Strike 2-1: Ground out U3 (Groundball, 34, EV 87.5 MPH)
|
| Bottom of the 2nd over - 1 run, 2 hits, 0 errors, 3 left on base; Greensboro 1 - Great Lakes 1 |
| TOP OF THE 3RD |
|
Greensboro Grasshoppers batting - Pitching for Great Lakes Loons : RHP Oscar Andrade
|
|
Batting: LHB Angelo Estrella
|
0-0: Called Strike 0-1: Ball 1-1: Ball 2-1: Called Strike 2-2: Ball 3-2: Base on Balls
|
|
Batting: LHB Dong-u Chang
|
0-0: Ball 1-0: Ball 2-0: Foul Ball, location: 2F 2-1: Foul Ball, location: 2F 2-2: Ball 3-2: Base on Balls Angelo Estrella to second
|
|
Batting: RHB Miguel Velasco
|
0-0: Ball 1-0: Ball 2-0: Ball 3-0: Called Strike 3-1: Swinging Strike 3-2: Strikes out swinging
|
|
Batting: RHB Nate Crofts
|
0-0: Called Strike 0-1: Foul Ball, location: 2F 0-2: Hit by Pitch Angelo Estrella to third Dong-u Chang to second
|
|
Batting: RHB Alberto Bravo
|
0-0: Swinging Strike 0-1: Foul Ball, location: 2F 0-2: Foul Ball, location: 2F 0-2: Ball Passed Ball! Angelo Estrella scores Dong-u Chang to third Nate Crofts to second 1-2: Ball 2-2: Strikes out swinging
|
|
Batting: LHB Ryan Thompson
|
0-0: Swinging Strike 0-1: Swinging Strike 0-2: Ball 1-2: Strikes out swinging
|
| Top of the 3rd over - 1 run, 0 hits, 0 errors, 2 left on base; Greensboro 2 - Great Lakes 1 |
| BOTTOM OF THE 3RD |
|
Great Lakes Loons batting - Pitching for Greensboro Grasshoppers : RHP Kevin Weil
|
|
Batting: LHB Jim Jardine
|
0-0: Ball 1-0: Ball 2-0: Foul Ball, location: 2F 2-1: Ball 3-1: Ground out 1-3 (Groundball, 13S, EV 70.0 MPH)
|
|
Batting: RHB Eddie Perry
|
0-0: Ball 1-0: Ball 2-0: Ball 3-0: Base on Balls
|
|
Batting: LHB Josh Moore
|
0-0: Ball 1-0: Foul Ball, location: 2F 1-1: Fielders Choice at 2nd, 3-6 (Groundball, 23, EV 80.6 MPH)
|
|
Batting: SHB Danny Jensen
|
0-0: Called Strike 0-1: Swinging Strike 0-2: Strikes out swinging
|
| Bottom of the 3rd over - 0 runs, 0 hits, 0 errors, 1 left on base; Greensboro 2 - Great Lakes 1 |
| TOP OF THE 4TH |
|
Greensboro Grasshoppers batting - Pitching for Great Lakes Loons : RHP Oscar Andrade
|
|
Batting: RHB J.D. Vander Klok
|
0-0: Ground out 6-3 (Groundball, 6, EV 110.0 MPH)
|
|
Batting: RHB Hikaru Nakata
|
0-0: Ball 1-0: Ball 2-0: Foul Ball, location: 2F 2-1: Ball 3-1: Ground out 5-3 (Groundball, 5, EV 83.1 MPH)
|
|
Batting: RHB Tom Thompson
|
0-0: Ball 1-0: SINGLE (Groundball, 3D, EV 96.2 MPH)
|
|
Batting: LHB Angelo Estrella
|
0-0: Ball 1-0: Swinging Strike 1-1: Ball 2-1: Swinging Strike 2-2: Foul Ball, location: 2F 2-2: Strikes out looking
|
| Top of the 4th over - 0 runs, 1 hit, 0 errors, 1 left on base; Greensboro 2 - Great Lakes 1 |
| BOTTOM OF THE 4TH |
|
Great Lakes Loons batting - Pitching for Greensboro Grasshoppers : RHP Kevin Weil
|
|
Batting: RHB Juan Gallardo
|
0-0: Ball 1-0: Foul Ball, location: 2F 1-1: Foul Ball, location: 2F 1-2: Foul Ball, location: 2F 1-2: Ball 2-2: Foul Ball, location: 2F 2-2: Ground out 5-3 (Groundball, 5, EV 102.5 MPH)
|
|
Batting: RHB Aaron Joseph
|
0-0: Foul Ball, location: 2F 0-1: Called Strike 0-2: Fly out, F7 (Flyball, 7LD, EV 92.5 MPH)
|
|
Batting: SHB Hank Arias
|
0-0: Called Strike 0-1: SINGLE (Line Drive, 6MD, EV 98.1 MPH)
|
|
Batting: RHB Pablo Lopez
|
0-0: Ball 1-0: Ball Hank Arias is caught stealing 2nd base 2-4
|
| Bottom of the 4th over - 0 runs, 1 hit, 0 errors, 0 left on base; Greensboro 2 - Great Lakes 1 |
| TOP OF THE 5TH |
|
Greensboro Grasshoppers batting - Pitching for Great Lakes Loons : RHP Oscar Andrade
|
|
Batting: LHB Dong-u Chang
|
0-0: Ball 1-0: Ball 2-0: Called Strike 2-1: Ball 3-1: Foul Ball, location: 2F 3-2: Foul Ball, location: 2F 3-2: Strikes out swinging
|
|
Batting: RHB Miguel Velasco
|
0-0: Ball 1-0: Foul Ball, location: 2F 1-1: Ball 2-1: Foul Ball, location: 2F 2-2: Ball 3-2: Foul Ball, location: 2F 3-2: SINGLE (Flyball, 78S, EV 93.8 MPH)
|
|
Batting: RHB Nate Crofts
|
0-0: Called Strike 0-1: 2-RUN HOME RUN (Flyball, 7LD, EV 98.1 MPH), Distance : 348 ft
|
|
Batting: RHB Alberto Bravo
|
0-0: Fly out, F8 (Flyball, 8LM, EV 82.5 MPH)
|
|
Batting: LHB Ryan Thompson
|
0-0: Ball 1-0: Foul Ball, location: 2F 1-1: Ball 2-1: Ball 3-1: Swinging Strike 3-2: Base on Balls
|
|
Pitching: RHP Luis Diaz
|
|
|
Batting: RHB J.D. Vander Klok
|
0-0: Ball 1-0: Fly out, F8 (Line Drive, 78D, EV 93.8 MPH)
|
| Top of the 5th over - 2 runs, 2 hits, 0 errors, 1 left on base; Greensboro 4 - Great Lakes 1 |
| BOTTOM OF THE 5TH |
|
Great Lakes Loons batting - Pitching for Greensboro Grasshoppers : RHP Kevin Weil
|
|
Batting: RHB Pablo Lopez
|
0-0: Called Strike 0-1: Ball 1-1: Foul Ball, location: 2F 1-2: Ground out 6-3 (Groundball, 6S, EV 86.2 MPH)
|
|
Batting: SHB Josh Vaill
|
0-0: Ball 1-0: Ball 2-0: Called Strike 2-1: Ball 3-1: Swinging Strike 3-2: SINGLE (Groundball, 4MD, EV 96.2 MPH)
|
|
Batting: LHB Jim Jardine
|
0-0: Called Strike 0-1: Fielders Choice at 2nd, 3-6 (Groundball, 23, EV 85.6 MPH)
|
|
Batting: RHB Eddie Perry
|
0-0: Ball 1-0: Reached on error, E6 (Groundball, 6, EV 90.0 MPH) Jim Jardine to second
|
|
Batting: LHB Josh Moore
|
0-0: Swinging Strike 0-1: Hit by Pitch Jim Jardine to third Eddie Perry to second
|
|
Batting: SHB Danny Jensen
|
0-0: Called Strike 0-1: Called Strike 0-2: GRAND SLAM HOME RUN (Flyball, 9D, EV 101.2 MPH), Distance : 385 ft
|
|
Pitching: RHP Adam Brown
|
|
|
Batting: RHB Juan Gallardo
|
0-0: Ball 1-0: Called Strike 1-1: Fly out, F9 (Flyball, 9D, EV 98.8 MPH)
|
| Bottom of the 5th over - 4 runs, 2 hits, 1 error, 0 left on base; Greensboro 4 - Great Lakes 5 |
| TOP OF THE 6TH |
|
Greensboro Grasshoppers batting - Pitching for Great Lakes Loons : RHP Luis Diaz
|
|
Batting: RHB Hikaru Nakata
|
0-0: Swinging Strike 0-1: Foul Ball, location: 2F 0-2: Strikes out swinging
|
|
Batting: RHB Tom Thompson
|
0-0: Ground out 6-3 (Groundball, 6, EV 86.2 MPH)
|
|
Batting: LHB Angelo Estrella
|
0-0: Ball 1-0: Foul Ball, location: 2F 1-1: Ball 2-1: Fly out, F8 (Flyball, 8RS, EV 95.6 MPH)
|
| Top of the 6th over - 0 runs, 0 hits, 0 errors, 0 left on base; Greensboro 4 - Great Lakes 5 |
| BOTTOM OF THE 6TH |
|
Great Lakes Loons batting - Pitching for Greensboro Grasshoppers : RHP Adam Brown
|
|
Batting: RHB Aaron Joseph
|
0-0: Ball 1-0: Ball 2-0: Ball 3-0: Called Strike 3-1: DOUBLE (Groundball, 5L, EV 104.4 MPH)
|
|
Batting: SHB Hank Arias
|
0-0: Called Strike 0-1: Ball 1-1: Called Strike 1-2: Fly out, F9 (Flyball, 89S, EV 91.9 MPH)
|
|
Batting: RHB Pablo Lopez
|
0-0: Called Strike 0-1: Called Strike 0-2: Ball 1-2: Ball 2-2: Ground out 4-3 (Groundball, 4, EV 79.4 MPH) Aaron Joseph to third
|
|
Batting: SHB Josh Vaill
|
0-0: Ball 1-0: Ball 2-0: Called Strike 2-1: Foul Ball, location: 2F 2-2: Ground out 5-3 (Groundball, 5, EV 86.2 MPH)
|
| Bottom of the 6th over - 0 runs, 1 hit, 0 errors, 1 left on base; Greensboro 4 - Great Lakes 5 |
| TOP OF THE 7TH |
|
Greensboro Grasshoppers batting - Pitching for Great Lakes Loons : RHP Luis Diaz
|
|
Now at 1B: Alex Melgoza
|
|
|
Now at SS: Ingidayehu Lagat
|
|
|
Now in LF: Ramon Vega
|
|
|
Batting: LHB Dong-u Chang
|
0-0: Ball 1-0: Ball 2-0: Ball 3-0: Called Strike 3-1: Called Strike 3-2: Strikes out swinging
|
|
Batting: RHB Miguel Velasco
|
0-0: Ball 1-0: Swinging Strike 1-1: Ball 2-1: Swinging Strike 2-2: Strikes out swinging
|
|
Batting: RHB Nate Crofts
|
0-0: Called Strike 0-1: Ball 1-1: Ground out 5-3 (Groundball, 5S, EV 66.2 MPH)
|
| Top of the 7th over - 0 runs, 0 hits, 0 errors, 0 left on base; Greensboro 4 - Great Lakes 5 |
| BOTTOM OF THE 7TH |
|
Great Lakes Loons batting - Pitching for Greensboro Grasshoppers : RHP Adam Brown
|
|
Batting: LHB Jim Jardine
|
0-0: SINGLE (Groundball, 4D, EV 104.4 MPH)
|
|
Batting: RHB Eddie Perry
|
0-0: Called Strike 0-1: Foul Ball, location: 2F 0-2: Foul Ball, location: 2F 0-2: Fielders Choice at 2nd, 6-4 (Groundball, 6, EV 83.1 MPH)
|
|
Batting: LHB Josh Moore
|
0-0: Foul Ball, location: 2F 0-1: Swinging Strike 0-2: Fly out, F9 (Flyball, 9D, EV 86.2 MPH)
|
|
Batting: SHB Danny Jensen
|
0-0: Ball 1-0: Fly out, F8 (Flyball, 78M, EV 82.5 MPH)
|
| Bottom of the 7th over - 0 runs, 1 hit, 0 errors, 1 left on base; Greensboro 4 - Great Lakes 5 |
| TOP OF THE 8TH |
|
Greensboro Grasshoppers batting - Pitching for Great Lakes Loons : RHP Luis Diaz
|
|
Pitching: RHP Edwin Vega
|
|
|
Batting: RHB Alberto Bravo
|
0-0: Ground out U3 (Groundball, 3, EV 96.2 MPH)
|
|
Batting: LHB Ryan Thompson
|
0-0: Called Strike 0-1: Ball 1-1: Ball 2-1: Ball 3-1: SINGLE (Groundball, 56, EV 95.0 MPH)
|
|
Pinch Hitting: LHB Ryan Karg
|
0-0: Ball 1-0: Ball 2-0: Ball 3-0: Base on Balls Ryan Thompson to second
|
|
Batting: RHB Hikaru Nakata
|
0-0: Ball 1-0: SINGLE (Groundball, 4D, EV 105.6 MPH) Ryan Thompson to third Ryan Karg to second
|
|
Batting: RHB Tom Thompson
|
0-0: Fly out, F9 (Flyball, 9D, EV 94.4 MPH) Runner from 3rd tags up, SCORES, no throw by RF Ryan Karg to third
|
|
Batting: LHB Angelo Estrella
|
0-0: Called Strike 0-1: Fly out, F3 (Popup, 3S, EV 77.5 MPH)
|
| Top of the 8th over - 1 run, 2 hits, 0 errors, 2 left on base; Greensboro 5 - Great Lakes 5 |
| BOTTOM OF THE 8TH |
|
Great Lakes Loons batting - Pitching for Greensboro Grasshoppers : RHP Adam Brown
|
|
Pitching: RHP Felix Moreno
|
|
|
Now at 2B: Nick Dunton
|
|
|
Batting: RHB Alex Melgoza
|
0-0: Ball 1-0: Ground out 4-3 (Groundball, P, EV 86.9 MPH)
|
|
Batting: LHB Ramon Vega
|
0-0: Called Strike 0-1: Ball 1-1: Swinging Strike 1-2: Foul Ball, location: 2F 1-2: Strikes out looking
|
|
Batting: SHB Hank Arias
|
0-0: Foul Ball, location: 2F 0-1: SOLO HOME RUN (Flyball, 9LD, EV 110.0 MPH), Distance : 419 ft
|
|
Batting: RHB Ingidayehu Lagat
|
0-0: Swinging Strike 0-1: Called Strike 0-2: Ball 1-2: Ball 2-2: Ball 3-2: Strikes out swinging
|
| Bottom of the 8th over - 1 run, 1 hit, 0 errors, 0 left on base; Greensboro 5 - Great Lakes 6 |
| TOP OF THE 9TH |
|
Greensboro Grasshoppers batting - Pitching for Great Lakes Loons : RHP Edwin Vega
|
|
Batting: LHB Dong-u Chang
|
0-0: Swinging Strike 0-1: Ball 1-1: Ball 2-1: Hit by Pitch
|
|
Batting: RHB Miguel Velasco
|
0-0: Foul Ball, location: 2F 0-1: Grounds into double play, 4-6-3 (Groundball, 4, EV 93.8 MPH)
|
|
Batting: RHB Nate Crofts
|
0-0: Fly out, F8 (Flyball, 8RD, EV 101.2 MPH)
|
| Top of the 9th over - 0 runs, 0 hits, 0 errors, 0 left on base; Greensboro 5 - Great Lakes 6 |
|